 Dungeon Crawl Stone Soup version 0.18-b1-10-g3f7de93 (webtiles) character file.

156 SkaryMonk the Cutter (level 5, -4/34 HPs)
             Began as an Octopode Assassin on Apr 29, 2016.
             Was an Initiate of Nemelex Xobeh.
             Slain by a shadow imp (6 damage)
             ... summoned by Natasha
             ... on level 3 of the Dungeon.
             The game lasted 00:06:15 (2115 turns).

SkaryMonk the Cutter (Octopode Assassin)            Turns: 2115, Time: 00:06:17

Health: -4/34      AC:  1    Str: 11    XL:     5   Next: 38%
Magic:  5/5        EV: 12    Int: 13    God:    Nemelex Xobeh [......]
Gold:   72         SH:  0    Dex: 14    Spells: 0 memorised, 4 levels left

rFire  . . .     SeeInvis .     a - +2 dagger
rCold  . . .     Gourm    .     (no shield)
rNeg   . . .     Faith    .     (helmet restricted)
rPois  .         Spirit   .     (no amulet)
rElec  .         Dismiss  .     l - ring of protection from magic
rCorr  .         Reflect  .     (no ring)
SustAt .         Harm     .     (no ring)
MR     +....                    (no ring)
Stlth  ++++......               (no ring)
                                (no ring)
                                (no ring)
                                (no ring)

@: slowed, very slow, somewhat resistant to hostile enchantments, stealthy
A: almost no armour, amphibious, 8 rings, constrict 8, camouflage 1, gelatinous
body 1
a: Renounce Religion


You were on level 3 of the Dungeon.
You worshipped Nemelex Xobeh.
Nemelex Xobeh was noncommittal.
You were not hungry.

You visited 1 branch of the dungeon, and saw 3 of its levels.

You collected 72 gold pieces.

Notes
Turn   | Place    | Note
--------------------------------------------------------------
     0 | D:1      | SkaryMonk the Octopode Assassin began the quest for the Orb.
     0 | D:1      | Reached XP level 1. HP: 14/14 MP: 1/1
   177 | D:1      | Reached XP level 2. HP: 19/19 MP: 2/2
   408 | D:2      | Found a snail-covered altar of Cheibriados.
   597 | D:2      | Found a sparkling altar of Nemelex Xobeh.
   629 | D:2      | Became a worshipper of Nemelex Xobeh the Trickster
   672 | D:2      | Reached XP level 3. HP: 15/24 MP: 3/3
   861 | D:2      | Received a gift from Nemelex Xobeh
  1109 | D:2      | Found a radiant altar of Vehumet.
  1462 | D:2      | Reached XP level 4. HP: 22/29 MP: 4/4
  1672 | D:3      | Found a faded altar to an unknown god.
  1916 | D:3      | Reached skill level 5 in Short Blades
  1926 | D:3      | Noticed Jessica
  1929 | D:3      | Killed Jessica
  1929 | D:3      | Reached XP level 5. HP: 34/34 MP: 5/5
  1947 | D:3      | Found a glowing silver altar of Zin.
  1947 | D:3      | Found a shadowy altar of Dithmenos.
  2106 | D:3      | Noticed Natasha
  2115 | D:3      | Slain by a shadow imp

Inventory:

Hand Weapons
 a - a +2 dagger (weapon)
 b - a +0 blowgun
 y - a +0 rapier
Missiles
 c - 8 poisoned needles
 d - 2 curare-tipped needles
Jewellery
 h - an uncursed amulet of the gourmand {unknown}
 l - a ring of protection from magic (left tentacle)
Wands
 u - a wand of random effects (13/48)
Scrolls
 e - a scroll of remove curse {unknown}
 g - 3 scrolls of random uselessness {unknown}
 i - 2 scrolls of teleportation
 k - a scroll of recharging {unknown}
 n - a scroll of enchant armour {unknown}
 p - a scroll of immolation {unknown}
 r - a scroll of fear {unknown}
 v - a scroll of identify
Potions
 j - 3 potions of curing
 m - a potion of resistance
 o - 3 potions of brilliance
 w - a potion of lignification {unknown}
 x - a potion of might {unknown}
Miscellaneous
 s - a plain deck of escape {drawn: 3}
Comestibles
 f - 3 bread rations
 q - a slice of pizza
 t - 5 chunks of flesh

Table legend:
 A = Turns spent in this place as a percentage of turns spent in the entire game.
 B = Non-inter-level travel turns spent in this place as a percentage of non-inter-level travel turns spent in the entire game.
 C = Inter-level travel turns spent in this place as a percentage of turns spent in this place.
 D = Turns resting spent in this place as a percentage of non-inter-level travel turns spent in this place.
 E = Turns spent auto-exploring this place as a percentage of non-inter-level travel turns spent in this place.
 F = Non-inter-level travel turns spent in this place divided by the number of levels of this place that you've seen.
                   A       B       C       D       E      F
               +-------+-------+-------+-------+-------+----------------------
         Total | 100.0 | 100.0 |   1.5 |   2.0 |  15.1 | 170.3
       Dungeon | 100.0 | 100.0 |   1.5 |   2.0 |  15.1 | 170.3
               +-------+-------+-------+-------+-------+----------------------


   Skills:
 - Level 2.0 Fighting
 + Level 5.4 Short Blades
 - Level 2.0 Throwing
 - Level 1.0 Dodging
 - Level 5.3 Stealth


You had 4 spell levels left.
You didn't know any spells.

Dungeon Overview and Level Annotations

Branches:
Dungeon (3/15)

Altars:
Cheibriados
Dithmenos
Nemelex Xobeh
Vehumet
Zin

Annotations:
D:3 Natasha


Innate Abilities, Weirdness & Mutations

You cannot wear most types of armour.
You are amphibious.
You can wear up to eight rings at the same time.
You can use your tentacles to constrict eight enemies at once.
Your skin changes colour to match your surroundings (Stealth).
Your rubbery body absorbs attacks (AC +1).


Message History

Natasha appears confused.
The worm misses you.
You barely miss the worm.
The worm is lightly wounded.
You constrict the worm.
Natasha is engulfed in noxious fumes. x2
Natasha appears confused.
The worm closely misses you.
You hit the worm. You squeeze the worm.
The worm is moderately wounded.
You constrict the worm.
Natasha is engulfed in noxious fumes.
Natasha appears confused.
The worm bites you!
Natasha is engulfed in noxious fumes.
Natasha appears confused.
You release your grip on the worm.
Natasha is engulfed in noxious fumes.
Natasha appears confused.
You see here a cloak.
The worm bites you! The shadow imp hits you.
* * * LOW HITPOINT WARNING * * *
The worm bites you.
* * * LOW HITPOINT WARNING * * *
The shadow imp hits you.
You die...
Your body disappears without a glow.

..# ### #.# ... #.# #.# #.# #.#
....#... #.# ......h.#### #.#
#.#.......5@[## #.##
#.#.####.##w..##########..# #.#.#
#.[..............#.#
######.#.####..#...#.#.#####.#.#
#...........#..##.##.#.#####.#.##
#.####.#.##.#..##.##.#.##........
#.####.#.##.#..##.##.#.##.##.#.##
.........##...............##.#.#
..##...######..........#####.#.#


You could see a worm, Natasha (confused) and a shadow imp.

Table legend:
 A = Kills in this place as a percentage of kills in entire the game.
 B = Kills by you in this place as a percentage of kills by you in the entire game.
 C = Kills by friends in this place as a percentage of kills by friends in the entire game.
 D = Other kills in this place as a percentage of other kills in the entire game.
 E = Experience gained in this place as a percentage of experience gained in the entire game.
 F = Experience gained in this place divided by the number of levels of this place that you have seen.
                   A       B       C       D       E      F
               +-------+-------+-------+-------+-------+----------------------
         Total | 100.0 | 100.0 |  -nan | 100.0 | 100.0 |  74.7
       Dungeon | 100.0 | 100.0 |  -nan | 100.0 | 100.0 |  74.7
               +-------+-------+-------+-------+-------+----------------------

Vanquished Creatures
  A howler monkey (D:2)
  Jessica (D:3)
  3 adders
  A worm (D:2)
  2 giant geckos (D:2)
  4 orcs (D:3)
  4 giant cockroaches
  7 hobgoblins
  4 jackals (D:2)
  A quokka (D:3)
  A ball python (D:1)
  3 bats
  3 giant newts
  9 goblins
  6 kobolds
  3 rats
53 creatures vanquished.

Vanquished Creatures (others)
  An adder (D:2)
  2 kobolds (D:2)
3 creatures vanquished.

Grand Total: 56 creatures vanquished

Action                   |  1- 3 |  4- 6 || total
-------------------------+-------+-------++-------
Melee: Dagger            |    66 |    44 ||   110
       Constrict         |    16 |    10 ||    26
       Tentacles         |    10 |     8 ||    18
Evoke: Deck              |     2 |     1 ||     3
       Wand              |       |     1 ||     1
  Use: Scroll            |     3 |     1 ||     4
 Stab: Sleeping          |     4 |     9 ||    13
       Distracted        |       |     1 ||     1
  Eat: Chunk             |     1 |     3 ||     4
Armor: Skin              |     6 |     2 ||     8
Dodge: Dodged            |    41 |    24 ||    65

Vault maps used:
D:1:      minmay_arrival_radiant_lines
D:2:      lemuel_crystal_altar, nemelex_xobeh_ov_fountains_minmay,
          fiery_altar_vehumet
D:3:      lemuel_upstairs_altar, gammafunk_temple_overflow_wave,
          ecumenical_altar_1, uniq_jessica, uniq_robin, uniq_natasha
